 Dungeon Sprint DCSS version 0.16-b1 (webtiles) character file.

182 Medar the Prestidigitator (level 5, 0/33 HPs)
             Began as a Kobold Artificer on Mar 6, 2015.
             Slain by a slime creature (12 damage)
             ... in the Dungeon (Sprint I: "Red Sonja").
             The game lasted 00:02:59 (975 turns).

Medar the Prestidigitator (Kobold Artificer)         Turns: 975, Time: 00:02:59

Health: 0/33       AC:  3    Str: 10    XL:     5   Next: 93%
Magic:  14/14      EV: 17    Int: 10    God:
Gold:   136        SH:  0    Dex: 17    Spells: 0 memorised, 4 levels left

rFire  . . .     SeeInvis .     a - +0 short sword
rCold  . . .     Clarity  .     e - +0 leather armour
rNeg   . . .     SustAb   .     (no shield)
rPois  .         Gourm    .     (no helmet)
rElec  .         Spirit   .     (no cloak)
rCorr  .         Warding  .     (no gloves)
rMut   .         NoTele   +     (no boots)
MR     .....                    (no amulet)
Stlth  ++........               (no ring)
                                (no ring)

@: not resistant to hostile enchantments, unstealthy
A: carnivore 3
a: no special abilities


You were in the Dungeon.
You were not hungry.

You visited 1 branch You collected 318 gold pieces.
You spent 182 gold pieces at shops.

Inventory:

Hand weapons
 a - a +0 short sword (weapon)
Armour
 e - a +0 leather armour (worn)
Magical devices
 b - a wand of flame (10)
 c - a wand of enslavement (14)
 d - a wand of random effects (9)
 m - a wand of teleportation (0)
Scrolls
 l - a scroll of blinking
 n - a scroll of remove curse {unknown}
Potions
 g - a potion of curing {@q1}
 h - a potion of heal wounds
 i - a potion of haste
 j - 2 potions of magic
 k - a potion of berserk rage {!q}
Miscellaneous
 o - a plain deck of wonders {drawn: 6}
Comestibles
 f - a meat ration


   Skills:
 + Level 4.2 Fighting
 * Level 7.1 Short Blades
 + Level 5.1 Dodging
 - Level 1.3 Stealth
 - Level 10.8 Evocations


You had 4 spell levels left.
You didn't know any spells.

Dungeon Overview and Level Annotations

Branches:
Dungeon (1/1)

Altars:
Cheibriados
Dithmenos
Elyvilon
Fedhas
Gozag
Kikubaaqudgha
Makhleb
Nemelex Xobeh
Okawaru
Qazlal
Ru
Sif Muna
Trog
Vehumet
Xom
Yredelemnul
Zin
The Shining One
Jiyva

Shops:
D }


Innate Abilities, Weirdness & Mutations

You are small and have problems with some larger weapons.
You are carnivorous and can eat meat at any time.


Message History

You open the door.
A slime creature comes into view.
Found four altars.
There is an open door here.
The helpless slime creature fails to defend itself.
You impale the slime creature!!
The slime creature is moderately wounded.
The slime creature hits you.
There is an open door here.
Evoke which item? (* to show all) (? for menu, Esc to quit)
Zapping:
d - a wand of random effects (10)
Press: ? - help, Shift-Dir - straight line, f - slime creature
Aim: a slime creature (moderately wounded)
The fireball explodes!
The fireball engulfs the slime creature.
The slime creature is severely wounded.
The fireball engulfs you!
Ouch! That really hurt!
This wand has 9 charges left.
The slime creature hits you!
You die...

###################
#<.#.)'.)#..'..#__#
#..'..#..'..#.@J..+
#..#####'#####'#__#
#.)####..#...#.####
#..#__####..##.#
#..#_..__##'#..+
#⌠⌠#_.∩...'..._#
####_..._##_.#'#
#_____###+#.#
####### ###


You could see a slime creature.

Vanquished Creatures
  Sigmund (D)
  A giant frog (D)
  A jelly (D)
3 creatures vanquished.

Vanquished Creatures (others)
  A gargoyle (D)
  A yak (D)
  An ogre (D)
3 creatures vanquished.

Grand Total: 6 creatures vanquished

Notes
Turn   | Place    | Note
--------------------------------------------------------------
     0 | D        | Medar, the Kobold Artificer, began the quest for the Orb.
     0 | D        | Reached XP level 1. HP: 12/12 MP: 1/1
     1 | D        | Noticed Ijyb
     9 | D        | Noticed Ijyb
     9 | D        | Ijyb changed into Ijyb the giant frog
    13 | D        | Killed Ijyb the giant frog
    13 | D        | Reached skill level 10 in Evocations
    13 | D        | Reached XP level 2. HP: 10/16 MP: 2/5
    13 | D        | Reached XP level 3. HP: 12/20 MP: 3/8
    13 | D        | Reached XP level 4. HP: 15/25 MP: 4/11
   138 | D        | Noticed an ogre
   151 | D        | Noticed Sigmund
   162 | D        | an ogre (ally) was killed
   174 | D        | Killed Sigmund
   174 | D        | Reached XP level 5. HP: 10/32 MP: 14/14
   520 | D        | Found a deep blue altar of Sif Muna.
   521 | D        | Noticed a jelly
   522 | D        | Found a radiant altar of Vehumet.
   529 | D        | Killed a jelly
   529 | D        | Reached skill level 5 in Dodging
   791 | D        | Found Eteze's Gadget Emporium.
   791 | D        | Found a white marble altar of Elyvilon.
   791 | D        | Found a stormy altar of Qazlal.
   791 | D        | Found a burning altar of Makhleb.
   791 | D        | Found a sacrificial altar of Ru.
   791 | D        | Found a basalt altar of Yredelemnul.
   791 | D        | Found a glowing golden altar of the Shining One.
   791 | D        | Found a sparkling altar of Nemelex Xobeh.
   791 | D        | Found a shimmering altar of Xom.
   791 | D        | Found an opulent altar of Gozag.
   791 | D        | Found an ancient bone altar of Kikubaaqudgha.
   791 | D        | Found a glowing silver altar of Zin.
   791 | D        | Noticed a yak
   798 | D        | Found an iron altar of Okawaru.
   799 | D        | Found a bloodstained altar of Trog.
   803 | D        | Bought a plain deck of wonders for 182 gold pieces
   803 | D        | Killed a yak
   808 | D        | Noticed Metak
   881 | D        | Killed a gargoyle
   969 | D        | Found a snail-covered altar of Cheibriados.
   969 | D        | Found a viscous altar of Jiyva.
   969 | D        | Found a shadowy altar of Dithmenos.
   969 | D        | Found a blossoming altar of Fedhas.
   969 | D        | Noticed a slime creature
   975 | D        | Slain by a slime creature

Action                   |  1- 3 |  4- 6 || total
-------------------------+-------+-------++-------
Melee: Short sword       |     7 |     7 ||    14
Evoke: Wand              |     3 |    10 ||    13
       Deck              |       |     6 ||     6
 Stab: Paralysed         |     3 |       ||     3
       Sleeping          |       |     1 ||     1
  Eat: Chunk             |       |     1 ||     1
